 Dungeon Crawl Stone Soup version 0.31-a0-185-g9dded2c639 (webtiles) character file.

Game seed: 13072214426934843234

21 qw the Shooter (level 2, -1/16 HPs)
             Began as a Deep Elf Hunter on June 22, 2023.
             Succumbed to an adder's poison
             ... on level 1 of the Dungeon.
             The game lasted 00:00:14 (986 turns).

qw the Shooter (Deep Elf Hunter)                     Turns: 986, Time: 00:00:15

Health: -1/16      AC:  3    Str:  8    XL:     2   Next: 62%
Magic:  4/4        EV: 12    Int: 13    God:
Gold:   107        SH:  0    Dex: 18    Spells: 1/1 levels left

rFire   + . .        Y - +0 shortbow (elec)
rCold   . . .        (shield currently unavailable)
rNeg    . . .        c - +0 leather armour
rPois   .            (no helmet)
rElec   .            d - scarf of the Bagpipe {+Inv, rF+}
rCorr   .            (no gloves)
SInv    .            (no boots)
Will    .....        (no amulet)
Stlth   ++           (no ring)
HPRegen 0.22/turn    (no ring)
MPRegen 0.09/turn

%: no passive effects
@: lethally poisoned (-1 -> -8)
A: no striking features
a: Evoke Invisibility


You were on level 1 of the Dungeon.
You visited 1 branch of the dungeon, and saw 2 of its levels.

You collected 107 gold pieces.


   Skills:
 - Level 1.5 Fighting
 + Level 6.4 Ranged Weapons
 - Level 2.4 Dodging
 - Level 1.2 Stealth


You had one spell level left.
You didn't know any spells.
Your spell library was empty.

Inventory:

Hand Weapons
 Y - a +0 shortbow of electrocution (weapon)
Armour
 c - a +0 leather armour (worn)
 d - the scarf of the Bagpipe (worn) {+Inv, rF+}
   (You acquired it on level 1 of the Dungeon)

   rF:        It protects you from fire.
Scrolls
 a - 2 scrolls of identify

Dungeon Overview and Level Annotations

Branches:
Dungeon (2/15)

Altars:


Message History

Waypoint 1 assigned to D:2.
You shoot an arrow. The arrow misses the adder.
You shoot an arrow. The arrow hits the adder!
The adder is severely wounded.
The adder bites you. The adder closely misses you.
You shoot an arrow. The arrow barely misses the adder.
The adder barely misses you.
You shoot an arrow. The arrow barely misses the adder.
The adder misses you. The adder barely misses you.
You shoot an arrow. The arrow barely misses the adder.
The adder closely misses you.
You shoot an arrow. The arrow closely misses the adder.
The adder bites you. x2
You are poisoned.
The adder poisons you!
978 ||| STAIRDANCE You feel sick.
The adder closely misses you.
You climb upwards.
You feel sick.
There is a stone staircase leading down here.
Enter note:
Enter note:
Enter note: You shoot an arrow.
The arrow closely misses the adder.
You feel sick. The adder bites you but does no damage.
You shoot an arrow. The arrow barely misses the adder.
You feel sick.
You are no longer poisoned.
The adder completely misses you. The adder bites you.
You shoot an arrow. The arrow closely misses the adder.
The adder barely misses you.
You shoot an arrow. The arrow misses the adder.
The adder misses you. The adder closely misses you.
You shoot an arrow. The arrow misses the adder.
The adder bites you but does no damage.
You shoot an arrow. The arrow barely misses the adder.
The adder closely misses you. The adder bites you.
You are lethally poisoned!
The adder poisons you!
You shoot an arrow. The arrow hits the adder.
You kill the adder!
You die...

#.....####
#.....#...
#.....#.#.
#.........
#########.........
#.......######....
#.#####.........##
#%#.###..######.#
#@..............##
###.###.##..######
#.# #.....# ##.
#.###....#####.#
#..........##.##
####.#####.+....
###.....#.#..##
#.......#.#.#.#
#.......#.#.##.


There were no monsters in sight!

Vanquished Creatures
  An adder (D:1)
  A dart slug (D:1)
  An endoplasm (D:1)
  A giant cockroach (D:1)
  3 goblins (D:1)
  A hobgoblin (D:1)
  2 jackals (D:1)
  2 kobolds (D:1)
  2 ball pythons (D:1)
  3 bats (D:1)
17 creatures vanquished.

Notes
Turn   | Place    | Note
-------+----------+-------------------------------------------
     0 | D:1      | qw the Deep Elf Hunter began the quest for the Orb.
     0 | D:1      | Reached XP level 1. HP: 12/12 MP: 3/3
     0 | D:1      | 0 ||| qw: Version: 0.3-a-9-g12657ce
     0 | D:1      | 0 ||| qw: Game counter: 1659
     0 | D:1      | 0 ||| qw: Always use a shield: true
     0 | D:1      | 0 ||| qw: God list: Okawaru
     0 | D:1      | 0 ||| qw: Allow faded altars: false
     0 | D:1      | 0 ||| qw: Do Orc after D:15 true
     0 | D:1      | 0 ||| qw: Do second Lair branch before Depths: true
     0 | D:1      | 0 ||| qw: Lair rune preference: random
     0 | D:1      | 0 ||| qw: Plans: Normal
     0 | D:1      | 0 ||| PLANNING D:1-11
   245 | D:1      | Reached XP level 2. HP: 16/16 MP: 4/4
   252 | D:1      | Reached skill level 6 in Ranged Weapons
   918 | D:1      | 918 ||| DROPPING ring of wizardry.
   919 | D:1      | 919 ||| READING 3 scrolls labelled FIOMOO GIGAPU.
   920 | D:1      | 920 ||| READING scroll labelled FOBBORUQUI.
   920 | D:1      | Identified a scroll of acquirement
   920 | D:1      | 920 ||| ACQUIRING scarf of the Bagpipe {+Inv, rF+}
   920 | D:1      | Acquired the scarf of the Bagpipe {+Inv, rF+}
   922 | D:1      | 922 ||| UPGRADING to scarf of the Bagpipe {+Inv, rF+}.
   927 | D:1      | 927 ||| READING scroll labelled EXASYR NUOTH.
   928 | D:1      | 928 ||| DROPPING scroll of butterflies.
   978 | D:2      | 978 ||| STAIRDANCE
   981 | D:1      | HP: 4/16 [adder (4)]
   985 | D:1      | HP: 1/16 [adder (4)]
   986 | D:1      | Succumbed to an adder's poison

Levels and vault maps discovered:
D:1:      roderic_octagonal_star, layout_basic
D:2:      layout_rooms, serial_glass, glass_columns_a, glass_columns_b,
          minmay_misc_feat_four_crosses

Skill      XL: |  1  2 |
---------------+-------+-----
Ranged Weapons | 6 |  6.4
Fighting       | |  1.5
Dodging        | |  2.4
Stealth        | |  1.2

Action                     || total
---------------------------++-------
   Fire: Shortbow          ||    54
    Use: Scroll            ||     3
 Armour: Leather armour    ||     6
  Dodge: Dodged            ||    19

Table legend:
 A = Non-vault XP
 B = Vault XP
 C = Vault XP percentage of total XP
 D = Non-vault monster count
 E = Vault monster count
 F = Vault count percentage of total count
                 A         B        C        D         E       F
            +---------+---------+-------+---------+---------+-------
      Total |      43 |       0 |   0.0 |      17 |       0 |   0.0
            +---------+---------+-------+---------+---------+-------
        D:1 |      43 |       0 |   0.0 |      17 |       0 |   0.0
            +---------+---------+-------+---------+---------+-------
